 Dungeon Crawl Stone Soup version 0.27.1-1-g398f81649c (webtiles) character file.

Game seed: 15379940543464338744

10101 Metae the Fighter (level 11, -6/99 HPs)
             Began as a Minotaur Fighter on Sept 18, 2021.
             Was a High Priest of Okawaru.
             Mangled by an 11-headed hydra (11 damage)
             ... on level 11 of the Dungeon on Sept 19, 2021.
             The game lasted 00:40:04 (9986 turns).

Metae the Fighter (Minotaur Fighter)                Turns: 9986, Time: 00:40:04

Health: -6/99      AC: 16    Str: 23    XL:     11   Next: 31%
Magic:  14/14      EV:  7    Int:  5    God:    Okawaru [*****.]
Gold:   707        SH: 12    Dex: 11    Spells: 10/10 levels left

rFire    + . .     SeeInvis .   a - +1 trident
rCold    . . .     Faith    .   c - +0 kite shield
rNeg     . . .     Spirit   .   f - +1 chain mail
rPois    .         Reflect  .   (helmet restricted)
rElec    .         Harm     .   O - +0 cloak
rCorr    .         Rampage  .   j - +1 pair of gloves
Will     .....                  (no boots)
Stlth    ..........             q - amulet of regeneration
HPRegen  1.26/turn              k - ring of protection from fire
MPRegen  0.14/turn              (no ring)

@: no status effects
A: horns 2, retaliatory headbutt
a: Renounce Religion, Heroism, Finesse


You were on level 11 of the Dungeon.
You worshipped Okawaru.
Okawaru was extremely pleased with you.
You visited 2 branches of the dungeon, and saw 12 of its levels.
You also visited: Sewer.

You collected 707 gold pieces.

Inventory:

Hand Weapons
 a - a +1 trident (weapon)
 J - a +7 spectral falchion
Missiles
 i - 4 atropa-tipped darts
 s - 2 boomerangs (quivered)
 D - 4 throwing nets
Armour
 c - a +0 kite shield (worn)
 f - a +1 chain mail (worn)
 j - a +1 pair of gloves (worn)
 O - a +0 cloak (worn)
Jewellery
 k - a ring of protection from fire (left hand)
 q - an amulet of regeneration (around neck)
 L - an amulet of guardian spirit
Wands
 n - a wand of mindburst (5)
 y - a wand of iceblast (7)
 C - a wand of polymorph (16)
 H - a wand of flame (32)
Scrolls
 b - a scroll of noise
 e - 4 scrolls of teleportation
 h - a scroll of fear
 l - 2 scrolls of amnesia
 m - a scroll of immolation
 t - a scroll of enchant armour
 v - 2 scrolls of identify
 x - 3 scrolls of holy word
 G - 3 scrolls of fog
 I - 3 scrolls of magic mapping
 K - 3 scrolls of enchant weapon
 N - a scroll of silence
Potions
 d - 2 potions of might
 o - 3 potions of lignification
 p - a potion of degeneration {unknown}
 r - 3 potions of cancellation {unknown}
 u - 5 potions of heal wounds {unknown}
 w - 3 potions of curing {unknown}
 A - a potion of mutation {unknown}
 B - a potion of haste {unknown}
 E - a potion of attraction {unknown}
 M - a potion of ambrosia {unknown}
Miscellaneous
 z - a box of beasts


   Skills:
 + Level 10.1 Fighting
 + Level 6.0 Long Blades
 - Level 7.3 Polearms
 + Level 10.0 Armour
 + Level 10.1 Shields
 + Level 6.0 Invocations
 + Level 5.5 Evocations


You had 10 spell levels left.
You didn't know any spells.
Your spell library contained the following spells:

 Spells                   Type           Power      Damage    Failure   Level
 Ignite Poison            Fire/Tmut/Pois 0%         N/A       100%        3
 Mephitic Cloud           Conj/Pois/Air  0%         N/A       100%        3
 Animate Dead             Necr           0%         N/A       100%        4
 Bolt of Magma            Conj/Fire/Erth 0%         4d4       100%        5
 Haunt                    Necr/Summ      0%         N/A       100%        7
 Infestation              Necr           0%         N/A       100%        8


Dungeon Overview and Level Annotations

Branches:
Dungeon (11/15)            Temple (1/1) D:5             Orc (0/2) D:9
  Sewer (visited)
   Lair: D:8-11

Altars:
Ashenzari
Cheibriados
Dithmenos
Elyvilon
Fedhas
Gozag
Hepliaklqana
Kikubaaqudgha
Makhleb
Nemelex Xobeh
Okawaru
Qazlal
Ru
Sif Muna
Trog
Uskayaw
Vehumet
Wu Jian
Xom
Yredelemnul
Zin
The Shining One

Shops:
D:7 *   D:9 (((   D:11 ?


Innate Abilities, Weirdness & Mutations

You have a pair of horns on your head.
You reflexively headbutt those who attack you in melee.


Message History

You block the 11-headed hydra's attack. x2; The 11-headed hydra misses you.
The 11-headed hydra completely misses you.
The 11-headed hydra barely misses you. The 11-headed hydra misses you.
The 11-headed hydra bites you but does no damage.
You are very lightly contaminated with residual magic.
You feel like a meek peon again.
You flicker for a moment.
You flicker back into view.
Your magical contamination has completely faded away.
The 11-headed hydra bites you but does no damage.
The 11-headed hydra bites you!
The 11-headed hydra completely misses you.
The 11-headed hydra bites you. x2; The 11-headed hydra barely misses you. x2
The 11-headed hydra bites you but does no damage.
You block the 11-headed hydra's attack. The 11-headed hydra bites you!
* * * LOW HITPOINT WARNING * * *
The 11-headed hydra bites you!
* * * LOW HITPOINT WARNING * * *
There is a stone staircase leading down here.
You block the 11-headed hydra's attack. The 11-headed hydra bites you!
* * * LOW HITPOINT WARNING * * *
The 11-headed hydra bites you but does no damage.
You block the 11-headed hydra's attack.
The 11-headed hydra bites you but does no damage.
The 11-headed hydra barely misses you.
The 11-headed hydra bites you but does no damage. x2
You block the 11-headed hydra's attack.
The 11-headed hydra bites you but does no damage.
The 11-headed hydra barely misses you.
The 11-headed hydra bites you but does no damage. x2
You block the 11-headed hydra's attack. x2; The 11-headed hydra bites you.
* * * LOW HITPOINT WARNING * * *
The 11-headed hydra bites you but does no damage.
The 11-headed hydra bites you.
* * * LOW HITPOINT WARNING * * *
The 11-headed hydra bites you but does no damage.
The 11-headed hydra bites you.
* * * LOW HITPOINT WARNING * * *
The 11-headed hydra bites you!
You die...

##### #...# #### #...#
...# ##...###...#
#..........# #..........#
#....D.....# #
#######...@....# #
####...##.....>...#
####......##.........#
#.........##...#....#####
.......................[#
........................#
........................#
....................#####
......................####


You could see a 11-headed hydra.

Vanquished Creatures
  Harold (D:9)
  2 two-headed ogres
  Maurice (D:9)
  Joseph (D:9)
  A kobold demonologist (D:5)
  A freezing wraith (D:9)
  A troll (D:9)
  A shadow (D:10)
  A wraith (D:8)
  16 yaks
  Sigmund (D:4)
  2 wyverns
  2 water moccasins
  A sky beast (D:4)
  5 orc warriors
  A necrophage (D:6)
  2 black bears
  3 ogres
  3 centaurs
  6 kobold brigands
  3 bullfrogs
  A wyvern zombie (D:8)
  5 scorpions
  A water moccasin skeleton (D:7)
  3 killer bees (D:8)
  5 wights (D:7)
  A gnoll shaman (D:7)
  3 centaur zombies
  2 orc priests
  A bullfrog skeleton (D:5)
  2 hounds
  A jelly (D:5)
  8 orc wizards
  2 iguanas
  2 killer bee zombies (D:8)
  A howler monkey zombie (D:8)
  A howler monkey skeleton (D:6)
  10 adders
  5 gnolls (D:7)
  A river rat (Sewer)
  An ufetubus (D:6)
  5 worms
  5 dart slugs
  34 orcs
  13 endoplasms
  4 giant cockroaches
  4 goblins
  4 hobgoblins
  7 jackals
  4 quokkas
  4 ball pythons
  2 bats
  2 frilled lizards
  20 kobolds
  11 rats
230 creatures vanquished.

Notes
Turn   | Place    | Note
-------+----------+-------------------------------------------
     0 | D:1      | Metae the Minotaur Fighter began the quest for the Orb.
     0 | D:1      | Reached XP level 1. HP: 19/19 MP: 0/0
   257 | D:1      | Reached XP level 2. HP: 27/27 MP: 1/1
   463 | D:1      | Found a faded altar of an unknown god.
   738 | D:2      | Reached XP level 3. HP: 27/33 MP: 2/2
   836 | D:2      | Noticed a black bear
  1148 | D:2      | Killed a black bear
  1149 | D:2      | Reached XP level 4. HP: 3/41 MP: 3/3
  1149 | D:2      | Reached XP level 5. HP: 3/47 MP: 4/4
  1914 | D:3      | Found an ornate altar of the Wu Jian Council.
  1963 | D:3      | Found a broken altar of Ashenzari.
  1984 | D:3      | Reached skill level 5 in Armour
  1984 | D:3      | Reached skill level 5 in Shields
  2206 | D:4      | Noticed Sigmund
  2207 | D:4      | Noticed an ogre
  2269 | D:4      | Killed Sigmund
  2270 | D:4      | Reached skill level 5 in Fighting
  2270 | D:4      | Reached XP level 6. HP: 53/56 MP: 5/5
  2977 | D:5      | Entered Level 5 of the Dungeon
  2978 | D:5      | Noticed a sky beast
  2997 | D:4      | Reached skill level 5 in Polearms
  2997 | D:4      | Reached XP level 7. HP: 44/62 MP: 6/6
  3251 | D:5      | Noticed a kobold demonologist
  3254 | D:5      | Noticed a chaos spawn
  3260 | D:5      | Noticed a rust devil
  3263 | D:5      | Noticed a chaos spawn
  3267 | D:5      | Killed a kobold demonologist
  3268 | D:5      | Reached XP level 8. HP: 50/71 MP: 7/7
  3298 | D:5      | Found a staircase to the Ecumenical Temple.
  3316 | Temple   | Entered the Ecumenical Temple
  3395 | Temple   | Became a worshipper of Warmaster Okawaru
  4158 | D:6      | Reached skill level 1 in Invocations
  4158 | D:6      | Reached skill level 1 in Evocations
  4456 | D:6      | Found a glowing drain.
  4460 | Sewer    | Entered a sewer
  4919 | Sewer    | Reached * piety under Okawaru
  5236 | D:6      | Found a blossoming altar of Fedhas.
  5408 | D:6      | Reached XP level 9. HP: 79/79 MP: 9/9
  5788 | D:7      | Found Zinkocel's Assorted Antiques.
  5813 | D:7      | Found a glowing silver altar of Zin.
  5977 | D:7      | Found a shadowy altar of Dithmenos.
  6152 | D:7      | Reached ** piety under Okawaru
  6615 | D:8      | Reached skill level 1 in Long Blades
  6638 | D:8      | Found a radiant altar of Vehumet.
  6862 | D:8      | Found an opulent altar of Gozag.
  7130 | D:8      | Found a basalt altar of Yredelemnul.
  7240 | D:8      | Reached *** piety under Okawaru
  7241 | D:8      | Reached XP level 10. HP: 86/90 MP: 12/12
  7454 | D:9      | Found Atejim's Weapon Shoppe.
  7669 | D:9      | Found Foqietuz's Weapon Emporium.
  7746 | D:9      | Noticed Maurice
  7773 | D:9      | Killed Maurice
  7841 | D:9      | Noticed Joseph
  7853 | D:9      | Killed Joseph
  8164 | D:9      | Found a staircase to the Orcish Mines.
  8283 | D:9      | Found Hioc's Antique Weapon Emporium.
  8426 | D:9      | Found a snail-covered altar of Cheibriados.
  8465 | D:9      | Noticed a two-headed ogre
  8752 | D:9      | Noticed Harold
  8769 | D:9      | Killed Harold
  8769 | D:9      | Reached **** piety under Okawaru
  8770 | D:9      | Reached skill level 5 in Invocations
  8807 | D:9      | Received a gift from Okawaru
  8909 | D:9      | Noticed a centaur warrior
  9071 | D:9      | Reached skill level 5 in Long Blades
  9100 | D:10     | Entered Level 10 of the Dungeon
  9138 | D:10     | Found a shimmering altar of Xom.
  9197 | D:10     | Noticed a two-headed ogre
  9212 | D:10     | Reached skill level 5 in Evocations
  9213 | D:10     | Killed a two-headed ogre
  9213 | D:10     | Reached ***** piety under Okawaru
  9214 | D:10     | Reached XP level 11. HP: 35/99 MP: 11/14
  9817 | D:11     | Reached skill level 10 in Shields
  9822 | D:11     | Reached skill level 10 in Fighting
  9874 | D:11     | Found Pueddaew's Magic Scroll Shop.
  9919 | D:11     | Noticed a two-headed ogre
  9927 | D:11     | Killed a two-headed ogre
  9928 | D:11     | Reached skill level 10 in Armour
  9931 | D:11     | Noticed a seven-headed hydra
  9986 | D:11     | Mangled by an 11-headed hydra

Illustrated notes

Levels and vault maps discovered:
D:1:      psy_arrival_dodecagon, layout_rooms,
          shapermc_ecumenical_altar_acropolis
D:2:      layout_basic
D:3:      layout_rooms, nicolae_wu_jian_immortal_techniques,
          nicolae_ashenzari_skybound, minmay_statues_item
D:4:      layout_cave_pods, columned_hall_lemuel, uniq_sigmund
D:5:      layout_rooms, minmay_temple_entry_grid, serial_co_window_serial,
          co_window_corner_a, co_window_corner_a, co_window_paths_a,
          co_window_paths_a, co_window_of_opportunity_a, co_window_paths_a,
          co_window_paths_b, co_window_paths_a, co_window_corner_a,
          co_window_corner_b, co_window_of_opportunity_b,
          co_window_unsneaky_path_e, co_window_unsneaky_path_e,
          co_window_2corner, co_window_4corner_b, glass_columns_a,
          glass_columns_a, glass_columns_a, glass_columns_a, sigmund_army
D:6:      layout_loops_ring, fedhas_ov_isle_minmay, gup_sewer_entry_spiral
D:7:      layout_loops_ring, nicolae_dithmenos_shadow_blocks,
          mainiacjoe_overflow_concentric_impassable, serial_shops,
          nicolae_diamond_shop
D:8:      layout_gridville, mainiacjoe_overflow_catwalk,
          lemuel_zombie_altar_yredelemnul, amcnicky_altar_gilded,
          hangedman_abyss_or_decor_clamps, eino_small_chamber_without_monster
D:9:      layout_stronghold, mainiacjoe_overflow_alcove_2, david_orc_4,
          serial_shops, shop, nicolae_stop_n_shop_2, shop_fountains,
          abandoned_shop, grunt_tough_drop, uniq_harold, uniq_joseph,
          uniq_maurice
D:10:     wander_river, layout_rooms, mainiacjoe_overflow_cross_hatched,
          chequers_serial_rivers_micro_b, minmay_misc_feat_ornament
D:11:     layout_cross, david_lair_shrubbed, serial_shops, shop
Temple:   minmay_temple_bridge_abc

Skill      XL: |  1  2  3  4  5  6  7  8  9 10 11 |
---------------+----------------------------------+-----
Armour         | 4 5 6 7 8 9 10 | 10.0
Shields        | 4 5 6 7 8 9 10 | 10.1
Fighting       | 4 5 6 7 8 9 10 | 10.1
Polearms       | 3 4 5 6 7 |  7.3
Invocations    | 2 4 5 6 |  6.0
Evocations     | 2 3 5 |  5.5
Long Blades    | 3 5 6 |  6.0

Action                   |  1- 3 |  4- 6 |  7- 9 | 10-12 || total
-------------------------+-------+-------+-------+-------++-------
Melee: Trident           |    74 |   104 |   318 |     1 ||   497
       Headbutt          |    11 |    20 |    80 |    46 ||   157
       Falchion          |       |       |    83 |   167 ||   250
Invok: Heroism           |       |       |     4 |     3 ||     7
Evoke: Wand              |       |       |     4 |       ||     4
  Use: Potion            |       |     2 |       |     1 ||     3
       Scroll            |       |       |    11 |     5 ||    16
 Stab: Invisible         |       |     1 |       |       ||     1
       Distracted        |       |       |       |     2 ||     2
Armor: Chain mail        |    51 |    59 |   202 |    94 ||   406
       Scale mail        |     1 |       |       |       ||     1
Dodge: Dodged            |    24 |    25 |   128 |    66 ||   243
Block: Kite shield       |    41 |    55 |   239 |   140 ||   475
       Rpst.: Falchion   |       |       |    10 |     8 ||    18
